 Dungeon Crawl Stone Soup version 0.26-a0-611-g354ed81502 (webtiles) character file.

Game seed: 5094189614074192898

163 Descartes the Covert (level 5, -7/24 HPs)
             Began as a Felid Delver on Sept 5, 2020.
             Mangled by an iguana (8 damage)
             ... on level 5 of the Dungeon.
             The game lasted 00:01:53 (142 turns).

Descartes the Covert (Felid Delver)                  Turns: 142, Time: 00:01:54

Health: -7/24      AC:  1    Str:  9    XL:     5   Next: 20%
Magic:  6/6        EV: 18    Int: 11    God:
Gold:   0          SH:  0    Dex: 18    Spells: 4/4 levels left
                                        Lives:  0   Deaths: 1

rFire    . . .     SeeInvis +     - Unarmed
rCold    . . .     Faith    .   (shield unavailable)
rNeg     . . .     Spirit   .   (armour unavailable)
rPois    .         Reflect  .   (helmet unavailable)
rElec    .         Harm     .   (cloak unavailable)
rCorr    .                      (gloves unavailable)
MR       .....                  (boots unavailable)
Stlth    +++++.....             (no amulet)
HPRegen  0.08/turn              (no ring)
MPRegen  0.10/turn              (no ring)

@: hasted, very quick
A: very small, no armour, no weapons or thrown items, stealth, claws 1, fangs 3,
see invisible, speed 1, shaggy fur 1, sharp paws
a: no special abilities


You were on level 5 of the Dungeon.
You visited 1 branch of the dungeon, and saw 1 of its levels.

Inventory:

Wands
 e - a wand of digging (3)
Scrolls
 a - a scroll of fog
 c - a scroll of fear


   Skills:
 - Level 3.0 Fighting
 + Level 3.1 Dodging
 - Level 10.3 Stealth
 + Level 2.3 Unarmed Combat
 + Level 1.0 Evocations


You had 4 spell levels left.
You didn't know any spells.
Your spell library was empty.

Dungeon Overview and Level Annotations

Branches:
Dungeon (5/15)
 Temple: D:4-7

Altars:

Portals:
Sewer: D:5


Innate Abilities, Weirdness & Mutations

You cannot wear armour.
You are incapable of wielding weapons or throwing items.
Your paws allow you to move quietly. (Stealth)
You have sharp claws.
You have razor-sharp teeth.
You have supernaturally acute eyesight. (SInv)
You cover ground quickly.
You are covered in fur. (AC +1)
Your sharp claws are effective at attacking unaware monsters.


Message History

The jackal completely misses you.
You scratch the jackal.
You kill the jackal!
You scratch the jackal.
The jackal is severely wounded.
The jackal barely misses you.
You scratch the jackal.
You kill the jackal!
Unknown command.
You claw the jackal!
You kill the jackal!
You scratch the iguana.
The iguana is lightly wounded.
You scratch the iguana but do no damage.
The iguana is lightly wounded.
The iguana completely misses you.
You scratch the iguana.
The iguana is moderately wounded.
The iguana bites you!
You die...

*≈*******≈,,**,*,*,*,*
+≈≈*,,,#≈≈..##.#.#,*,*###
#≈≈*,,,+..l.##.#..,,,,..#
#≈≈*,,,*≈≈......).##**#.#
#≈#######≈.h....Z..# #.#
#≈##≈≈≈##≈.....,,..# #.#
#≈≈≈≈≈≈≈≈≈..#****#.# #.#
#....†......######.####.#########
'.............hl@?..<........>...
#...........#.####.###$##########
######.....##.# *#.#*#.#***
#.....##.# *...,..!,,*
***#.....##.# #..Z.....,*
*,......Z##.# #.........*
*....J...##.# #.........#
*........##.# #........##
*,,,,,,..##.# ##+#<...##


You could see an iguana and a jackal.

Vanquished Creatures
  Menkaure (D:5)
  2 jellies (D:5)
  A bullfrog skeleton (D:5)
  A quasit (D:5)
  2 adders (D:5)
  2 leopard geckos (D:5)
  6 jackals (D:5)
15 creatures vanquished.

Notes
Turn   | Place    | Note
-------+----------+-------------------------------------------
     0 | D:5      | Descartes the Felid Delver began the quest for the Orb.
     0 | D:5      | Reached XP level 1. HP: 10/10 MP: 2/2
     5 | D:5      | Noticed a jelly
    17 | D:5      | Noticed a jelly
    20 | D:5      | Killed a jelly
    20 | D:5      | Reached skill level 7 in Stealth
    20 | D:5      | Reached XP level 2. HP: 14/14 MP: 3/3
    20 | D:5      | Reached XP level 3. HP: 17/17 MP: 4/4
    27 | D:5      | Reached skill level 8 in Stealth
    44 | D:5      | Reached skill level 9 in Stealth
    44 | D:5      | Reached XP level 4. HP: 21/21 MP: 5/5
    49 | D:5      | Noticed Menkaure
    54 | D:5      | Killed Menkaure
    54 | D:5      | Reached skill level 10 in Stealth
    54 | D:5      | Reached XP level 5. HP: 24/24 MP: 6/6
    66 | D:5      | Found a glowing drain.
    89 | D:5      | Splashed by a jelly's acid
    90 | D:5      | Reached XP level 4. HP: -3/21 MP: 5/5
   129 | D:5      | Reached skill level 1 in Evocations
   129 | D:5      | Reached XP level 5. HP: 2/24 MP: 6/6
   130 | D:5      | HP: 1/24 [jackal (2)]
   142 | D:5      | Mangled by an iguana

Illustrated notes

Levels and vault maps discovered:
D:5:      layout_basic, cheibriados_altar_1, cheibrodos_sewer_entry_bend,
          lightli_minifort, uniq_menkaure

Skill      XL: |  1  2  3  4 |
---------------+-------------+-----
Stealth        | 7 9 10 | 10.3
Dodging        | 3 |  3.1
Evocations     | 1 |  1.0
Fighting       | |  3.0
Unarmed Combat | |  2.3

Action                   |  1- 3 |  4- 6 || total
-------------------------+-------+-------++-------
Melee: Unarmed           |    11 |    36 ||    47
       Bite              |     2 |     2 ||     4
  Use: Scroll            |     1 |       ||     1
       Potion            |       |     1 ||     1
 Stab: Sleeping          |     3 |     4 ||     7
Armor: Skin              |     1 |       ||     1
Dodge: Dodged            |     8 |    28 ||    36

Table legend: (Time is in decaauts)
 A = Elapsed time spent in this place.
 B = Non-inter-level travel time spent in this place.
 C = Inter-level travel time spent in this place.
 D = Time resting spent in this place.
 E = Time spent auto-exploring this place.
 F = Levels seen in this place.
 G = Mean time per level.
                   A        B        C        D        E       F      G
               +--------+--------+--------+--------+--------+-----+--------+
         Total |    119 |    119 |      0 |      0 |      0 |   1 |  119.0 |
       Dungeon |    119 |    119 |      0 |      0 |      0 |   1 |  119.0 |
               +--------+--------+--------+--------+--------+-----+--------+

Top non-repeatable levels by time:
     D:5: 119 daAuts
